 Dungeon Crawl Stone Soup version 0.19-a0-1292-g796ee4d (webtiles) character file.

1540 jacquesderrida the Slasher (level 8, -1/43 HPs)
             Began as a Vine Stalker Wanderer on Aug 30, 2016.
             Slain by a raiju (7 damage)
             ... on level 7 of the Dungeon.
             The game lasted 00:08:38 (1861 turns).

jacquesderrida the Slasher (Vine Stalker Wanderer)  Turns: 1861, Time: 00:08:39

Health: -1/43      AC:  9    Str: 15    XL:     8   Next: 86%
Magic:  0/9        EV: 11    Int: 14    God:
Gold:   182        SH:  0    Dex: 14    Spells: 0 memorised, 7 levels left

rFire  . . .     SeeInvis .     b - +0 falchion
rCold  . . .     Gourm    .     a - +2 scale mail
rNeg   . . .     Faith    .     (no shield)
rPois  .         Spirit   +     (no helmet)
rElec  .         Dismiss  .     t - +0 cloak
rCorr  +         Reflect  .     (no gloves)
MR     +....     Harm     .     (no boots)
Stlth  +.........               (no amulet)
                                u - ring of resist corrosion
                                y - ring of stealth

@: lethally poisoned (-1 -> -1)
A: fangs 3, regeneration 1, magic shield, antimagic bite, no device heal 3, rot
immunity
a: no special abilities


You were on level 7 of the Dungeon.
You were not hungry.

You visited 1 branch of the dungeon, and saw 7 of its levels.

You collected 182 gold pieces.

Inventory:

Hand Weapons
 b - a +0 falchion (weapon)
Missiles
 e - 8 javelins (quivered)
Armour
 a - a +2 scale mail (worn)
 r - a +1 leather armour of magic resistance
 t - a +0 cloak (worn)
 w - a +0 ring mail of poison resistance
Jewellery
 n - an uncursed ring of ice
 u - a ring of resist corrosion (right hand)
 y - a ring of stealth (left hand)
Wands
 c - a wand of random effects (0/48)
 q - a wand of flame (0/48)
 x - a wand of iceblast (4/15)
Scrolls
 f - a scroll of fear {unknown}
 h - a scroll of remove curse {unknown}
 i - a scroll of recharging {unknown}
 m - 2 scrolls of enchant armour {unknown}
 p - a scroll of teleportation {unknown}
 s - a scroll of magic mapping
Potions
 g - 3 potions of curing {unknown}
 l - a potion of resistance {unknown}
 v - 2 potions of degeneration {unknown}
 z - a potion of brilliance {unknown}
 B - 2 potions of flight {unknown}
Comestibles
 d - 2 bread rations
 j - 2 slices of pizza
 k - a meat ration
 o - 3 beef jerkies
 A - 2 royal jellies


   Skills:
 + Level 5.3 Fighting
 + Level 7.4 Long Blades
 - Level 2.4 Armour
 + Level 3.9 Dodging
 - Level 1.2 Stealth
   Level 1.0 Shields
 - Level 1.0 Evocations


You had 7 spell levels left.
You didn't know any spells.

Dungeon Overview and Level Annotations

Branches:
Dungeon (7/15)
 Temple: D:4-7

Altars:
Kikubaaqudgha
Qazlal
Sif Muna
Zin


Innate Abilities, Weirdness & Mutations

You have razor-sharp teeth.
Your natural rate of healing is unusually fast.
When hurt, damage is shared between your health and your magic reserves.
Your bite disrupts and absorbs the magic of your enemies.
Potions and wands cannot restore your health.
You are immune to rotting.


Message History

Zapping:
x - a wand of iceblast (6/15)
Press: ? - help, Shift-Dir - straight line, f/p - raiju
Aim: a raiju (moderately wounded)
The mass of ice explodes!
The iceblast engulfs the raiju.
The raiju is severely wounded.
This wand has 5 charges left.
You feel sick.
Evoke which item? (* to show all) (? for menu, Esc to quit)
Zapping:
x - a wand of iceblast (5/15)
Press: ? - help, Shift-Dir - straight line, p - raiju The mass of ice explodes!
The iceblast engulfs the raiju.
The raiju is almost dead.
This wand has 4 charges left.
The raiju bites you. The raiju shocks you!
* * * LOW HITPOINT WARNING * * *
Unknown command.
You hit the raiju but do no damage. Your bite misses the raiju.
The raiju is almost dead.
The raiju bites you.
* * * LOW HITPOINT WARNING * * *
The raiju shocks you!
You die...

..# ... #.#### ...(.
#...# ### ###...### ..#
#..h....###### #.#
#..@.........# #.#
#.......####.# #.#
###...### #.# #.#
#####...######.####.##
...[...................
###############........
######.#. #.#. #.#.


You could see a raiju.

Vanquished Creatures
  The ghost of Galewind the Conjurer, an amateur DECj (D:4)
  The ghost of jacquesderrida the Cudgeler, an amateur VSWn (D:6)
  A black bear (D:7)
  4 ogres
  2 giant frogs (D:7)
  A wyvern zombie (D:6)
  3 scorpions
  An electric eel (D:6)
  2 howler monkeys
  A giant frog zombie (D:7)
  A centaur zombie (D:6)
  2 hounds
  An orc wizard (D:6)
  A giant frog skeleton (D:6)
  2 worker ants
  2 hound skeletons
  5 adders
  8 gnolls
  A shadow imp (D:6)
  An adder zombie (D:6)
  A dart slug (D:3)
  2 worms
  6 giant geckos
  7 orcs
  3 bats
  4 giant cockroaches
  5 goblins
  A hobgoblin (D:3)
  12 jackals
  4 quokkas
  A giant gecko zombie (D:7)
  A giant newt (D:3)
  3 kobolds
  A quokka skeleton (D:5)
  2 rats
94 creatures vanquished.

Vanquished Creatures (others)
  A quokka (D:4)
1 creature vanquished.

Grand Total: 95 creatures vanquished

Notes
Turn   | Place    | Note
-------+----------+-------------------------------------------
     0 | D:1      | jacquesderrida the Vine Stalker Wanderer began the quest for the Orb.
     0 | D:1      | jacquesderrida set off with: a +2 scale mail, a +0 falchion, a wand of random effects (15/48), a bread ration
     0 | D:1      | Reached XP level 1. HP: 11/11 MP: 2/2
    62 | D:2      | Reached skill level 2 in Long Blades
    62 | D:2      | Reached XP level 2. HP: 15/16 MP: 3/3
    69 | D:2      | Found a deep blue altar of Sif Muna.
    97 | D:2      | Reached XP level 3. HP: 18/19 MP: 4/4
   107 | D:2      | Found an ancient bone altar of Kikubaaqudgha.
   221 | D:2      | Found a glowing silver altar of Zin.
   250 | D:3      | Reached skill level 3 in Long Blades
   250 | D:3      | Gained mutation: Your natural rate of healing is unusually fast. [Vine Stalker growth]
   250 | D:3      | Reached XP level 4. HP: 14/23 MP: 5/5
   297 | D:3      | Reached skill level 4 in Long Blades
   364 | D:3      | Reached XP level 5. HP: 8/27 MP: 4/6
   496 | D:4      | Reached skill level 5 in Long Blades
   503 | D:4      | Noticed Galewind's ghost (amateur DECj)
   528 | D:4      | Killed Galewind's ghost
   528 | D:4      | Reached XP level 6. HP: 25/32 MP: 7/7
   663 | D:5      | Entered Level 5 of the Dungeon
   688 | D:5      | Reached skill level 6 in Long Blades
   733 | D:5      | Reached XP level 7. HP: 36/36 MP: 8/8
   875 | D:5      | Reached skill level 1 in Dodging
  1080 | D:6      | Noticed jacquesderrida's ghost (amateur VSWn)
  1087 | D:6      | Killed jacquesderrida's ghost
  1248 | D:6      | Gained mutation: You have razor-sharp teeth. [Vine Stalker growth]
  1248 | D:6      | Reached XP level 8. HP: 27/42 MP: 9/9
  1260 | D:6      | Found a stormy altar of Qazlal.
  1522 | D:7      | Reached skill level 7 in Long Blades
  1746 | D:7      | Reached skill level 5 in Fighting
  1856 | D:7      | Noticed a raiju
  1856 | D:7      | a wasp changed into a raiju
  1861 | D:7      | Slain by a raiju

Vault maps used:
D:1:      dpeg_arrival_shelter
D:2:      lemuel_doored_altar, zin_treasury, nicolae_overflow_crystal_walls,
          serial_corexii_hall, corexii_hall_statues_deadend,
          corexii_hall_statues_x
D:3:      marbit_many_paths, first_bread
D:4:      elyvilon_altar_4, uniq_eustachio
D:6:      lemuel_crystal_altar, kennysheep_boxes
D:7:      black_bear_nest_1, makhleb_altar_promises_db, the_bakery

Skill      XL: |  1  2  3  4  5  6  7  8 |
---------------+-------------------------+-----
Long Blades    | 2 3 4 5 6 7 |  7.4
Fighting       | 3 4 5 |  5.3
Dodging        | 2 3 |  3.9
Armour         | |  2.4
Stealth        | |  1.2
Shields        | |  1.0
Evocations     | |  1.0

Action                   |  1- 3 |  4- 6 |  7- 9 || total
-------------------------+-------+-------+-------++-------
Melee: Falchion          |    57 |   163 |   227 ||   447
       Bite              |     7 |    33 |    66 ||   106
Evoke: Wand              |     1 |     3 |    19 ||    23
  Use: Potion            |       |     1 |       ||     1
       Scroll            |       |       |     4 ||     4
  Eat: Chunk             |       |       |     4 ||     4
Armor: Scale mail        |    41 |    77 |    74 ||   192
Dodge: Dodged            |    31 |    80 |    90 ||   201
